 Dungeon Crawl Stone Soup version 0.30-a0-800-g7c544603b3 (webtiles) character file.

Game seed: 8217169142470086857

39 dialectric the Sneak (level 3, -2/22 HPs)
             Began as an Octopode Wanderer on Feb 22, 2023.
             Slain by a gnoll
             ... wielding a +0 halberd
              (7 damage)
             ... on level 2 of the Dungeon.
             The game lasted 00:01:15 (609 turns).

dialectric the Sneak (Octopode Wanderer)             Turns: 609, Time: 00:01:16

Health: -2/22      AC:  1    Str: 12    XL:     3   Next: 47%
Magic:  4/4        EV:  7    Int: 14    God:
Gold:   9          SH:  0    Dex: 12    Spells: 4/4 levels left

rFire   . . .      SeeInvis .    a - +0 club
rCold   . . .      Faith    .    (no shield)
rNeg    . . .      Spirit   .    c - +0 hat
rPois   .          Reflect  .    (no amulet)
rElec   .          Harm     .    (no ring)
rCorr   .          Rampage  .    (no ring)
Will    .....                    (no ring)
Stlth   ++++                     (no ring)
HPRegen 0.23/turn                (no ring)
MPRegen 0.09/turn                (no ring)
                                 (no ring)
                                 (no ring)

@: held
A: almost no armour, amphibious, 8 rings, camouflage 1, gelatinous body 1,
(nimble swimmer 1), tentacles
a: no special abilities


You were on level 2 of the Dungeon.
You visited 1 branch of the dungeon, and saw 2 of its levels.

You collected 9 gold pieces.

Inventory:

Hand Weapons
 a - a +0 club (weapon)
Missiles
 e - 2 atropa-tipped darts (quivered)
Armour
 c - a +0 hat (worn)
Scrolls
 b - a scroll of fog
 d - a scroll of teleportation {unknown}
 f - a scroll of noise {unknown}
Potions
 g - 2 potions of might {unknown}


   Skills:
 * Level 0.4 Fighting
 + Level 1.2 Maces & Flails
 + Level 1.0 Dodging
 - Level 6.0 Stealth
 + Level 1.0 Spellcasting
 - Level 1.0 Fire Magic
 + Level 3.2 Poison Magic
 - Level 1.0 Invocations


You had 4 spell levels left.
You didn't know any spells.
Your spell library contained the following spells:

 Spells                   Type           Power      Damage    Failure   Level
 Sting                    Tmut/Pois      20%        1d4       14%         1
 Foxfire                  Conj/Fire      8%         2x1d4     22%         1
 Cigotuvi's Dreadful Rot  Necr/Pois/Air  6%         N/A       26%         2
 Mephitic Cloud           Conj/Pois/Air  3%         N/A       45%         3
 Inner Flame              Hex/Fire       2%         N/A       54%         3


Dungeon Overview and Level Annotations

Branches:
Dungeon (2/15)

Altars:


Innate Abilities, Weirdness & Mutations

You cannot wear most types of armour.
You are amphibious.
You can wear up to eight rings at the same time.
Your skin changes colour to match your surroundings (Stealth+).
Your rubbery body absorbs attacks. (AC +1, EV +1)
((You are camouflaged when in or above water. (Stealth+)))
You have tentacles for arms and can constrict up to eight enemies at once.


Message History

Unknown command.
There are monsters nearby!
There are monsters nearby!
You hit the gnoll. Your grab misses the gnoll. You squeeze the gnoll.
The gnoll is severely wounded.
The gnoll closely misses you.
There are monsters nearby!
You hit the gnoll. You grab the gnoll. You tentacle-slap the gnoll.
The gnoll is almost dead.
You constrict the gnoll.
You kill the gnoll!
Your Poison Magic skill increases to level 3!
You have reached level 3!
Your experience leads to an increase in your attributes!
Increase (S)trength, (I)ntelligence, or (D)exterity?
You feel agile. x2
Unknown command.
You see here a +0 flail.
The helpless gnoll fails to defend itself.
You hit the gnoll but do no damage. You grab the gnoll.
You constrict the gnoll. The gnoll hits you with a +0 spear.
The gnoll misses you.
You hit the gnoll.
The gnoll is heavily wounded.
You constrict the gnoll. The gnoll hits you with a +0 spear.
You hit the gnoll but do no damage.
The gnoll is severely wounded.
You constrict the gnoll. The gnoll hits you with a +0 spear!
You hit the gnoll.
You kill the gnoll!
The gnoll throws a throwing net.
The throwing net hits you.
You become entangled in the net!
The gnoll hits you from afar with a +0 halberd.
* * * LOW HITPOINT WARNING * * *
Your Maces & Flails skill increases to level 1!
You struggle against the net.
The gnoll closely misses you.
Unknown command.
You struggle against the net.
The gnoll hits you from afar with a +0 halberd!
You die...

#.........~
#........~.
#..........
#..........
#..........
#..........
#...)......
#..@...#
#.)..g.#
#<.....#
########


You could see a gnoll.

Vanquished Creatures
  2 gnolls (D:2)
  4 ball pythons (D:1)
  An endoplasm (D:1)
  3 giant cockroaches (D:1)
  2 hobgoblins (D:1)
  A quokka (D:1)
  2 bats (D:1)
  A frilled lizard (D:1)
  A kobold (D:1)
  2 rats (D:1)
19 creatures vanquished.

Notes
Turn   | Place    | Note
-------+----------+-------------------------------------------
     0 | D:1      | dialectric the Octopode Wanderer began the quest for the
                  | Orb.
     0 | D:1      | dialectric set off with the following items: a +0 club, a
                  | scroll of fog, a +0 hat; and the following spells available
                  | to memorise: Sting, Foxfire, Cigotuvi's Dreadful Rot,
                  | Mephitic Cloud, Inner Flame.
     0 | D:1      | Reached XP level 1. HP: 11/11 MP: 2/2
    79 | D:1      | Reached XP level 2. HP: 11/17 MP: 3/3
   212 | D:1      | Reached skill level 6 in Stealth
   296 | D:1      | Found a faded altar of an unknown god.
   602 | D:2      | Reached XP level 3. HP: 22/22 MP: 4/4
   608 | D:2      | Reached skill level 1 in Maces & Flails
   609 | D:2      | Slain by a gnoll

Illustrated notes

Levels and vault maps discovered:
D:1:      elethiomel_arrival_shortcut, layout_basic,
          ebering_ecumenical_altar_hall
D:2:      minmay_door_path, layout_rooms, chequers_serial_rivers_large_a,
          uniq_crazy_yiuf_cottage

Skill      XL: |  1  2  3 |
---------------+----------+-----
Stealth        | 6 |  6.0
Poison Magic   | 3 |  3.2
Maces & Flails | 1 |  1.2
Fighting       | |  0.4
Dodging        | |  1.0
Spellcasting   | |  1.0
Fire Magic     | |  1.0
Invocations    | |  1.0

Action                     || total
---------------------------++-------
  Melee: Club              ||    40
         Constrict         ||    10
         Tentacles         ||     6
         Punch             ||     2
   Stab: Sleeping          ||    13
 Armour: Skin              ||     2
  Dodge: Dodged            ||    18

Table legend: (Time is in decaauts)
 A = Elapsed time spent in this place.
 B = Non-inter-level travel time spent in this place.
 C = Inter-level travel time spent in this place.
 D = Time resting spent in this place.
 E = Time spent auto-exploring this place.
 F = Levels seen in this place.
 G = Mean time per level.
                   A        B        C        D        E       F      G
               +--------+--------+--------+--------+--------+-----+--------+
         Total |    620 |    591 |     29 |      0 |    418 |   2 |  310.0 |
       Dungeon |    620 |    591 |     29 |      0 |    418 |   2 |  310.0 |
               +--------+--------+--------+--------+--------+-----+--------+

Top non-repeatable levels by time:
     D:1: 607 daAuts
     D:2: 12 daAuts
